[Event "ICCopen2017"]
[Site "Internet Chess Club"]
[Date "2017.03.25"]
[Round "5"]
[White "CIROVICZCHESS"]
[Black "mongmong"]
[Result "1-0"]
[ICCResult "Black resigns"]
[WhiteElo "1537"]
[BlackElo "1368"]
[Opening "French: Winawer (Nimzovich) variation"]
[ECO "C15"]
[NIC "FR.08"]
[Time "14:52:04"]
[TimeControl "180+0"]

1. e4 e6 2. d4 d5 3. Nc3 Bb4 4. Qg4 Nf6 5. Qxg7 Rg8 6. Qh6 Nxe4 7. Bd2 Bxc3
8. Bxc3 Nxc3 9. bxc3 Qg5 10. Qxg5 Rxg5 11. Nf3 Rg7 12. Nh4 Bd7 13. g3 Nc6
14. Bb5 a6 15. Bxc6 Bxc6 16. Kd2 Kd7 17. Nf3 f6 18. Rhe1 Re8 19. h4 Rge7 20.
Nh2 e5 21. Ng4 Ke6 22. f4 Kf5 23. Ne3+ Kg6 24. f5+ Kf7 25. g4 exd4 26. cxd4
Bb5 27. a4 Bd7 28. Nxd5 Rxe1 29. Rxe1 Rxe1 30. Kxe1 c6 31. Nb6 Be8 32. a5
Ke7 33. Kd2 Kd6 34. Kd3 c5 35. c4 cxd4 36. Kxd4 Bc6 37. c5+ Ke7 38. g5 fxg5
39. hxg5 Bf3 40. Ke5 Bc6 41. Nd5+ Kf7 42. Nc7 Bf3 43. Ne6 Bc6 44. Nd8+ Ke7
45. Nxc6+ bxc6 46. g6 hxg6 47. fxg6 {Black resigns} 1-0

[Event "ICCopen2017"]
[Site "Internet Chess Club"]
[Date "2017.03.25"]
[Round "5"]
[White "VrloJakMK"]
[Black "JUGGERNOT"]
[Result "1-0"]
[ICCResult "Black checkmated"]
[WhiteElo "2050"]
[BlackElo "1824"]
[Opening "QGD Slav: 4.Nc3"]
[ECO "D15"]
[NIC "SL.03"]
[Time "14:52:12"]
[TimeControl "180+0"]

1. d4 d5 2. c4 c6 3. Nc3 Nf6 4. Nf3 Bf5 5. Qb3 Qb6 6. c5 Qxb3 7. axb3 Nbd7
8. b4 e6 9. b5 Be7 10. bxc6 bxc6 11. Ra6 Nb8 12. Ra4 O-O 13. Bf4 Bc2 14. Ra1
a5 15. Kd2 Bb3 16. e3 a4 17. Bd3 Nbd7 18. h3 Ra7 19. g4 Rfa8 20. Ra3 Ne8 21.
Rha1 f6 22. Bg3 e5 23. Bf5 exd4 24. exd4 g6 25. Bxd7 Rxd7 26. Rxb3 Nc7 27.
Rxa4 Rxa4 28. Rb8+ Kg7 29. Nxa4 Nb5 30. Nc3 Nc7 31. Rb7 Bd8 32. b4 Kf7 33.
b5 cxb5 34. Nxb5 Ke7 35. Nxc7 f5 36. Nxd5+ Ke6 37. Rxd7 Kxd7 38. gxf5 gxf5
39. Bh4 Ba5+ 40. Kd3 Ke6 41. Nf4+ Kf7 42. Kc4 h6 43. d5 Bd2 44. Ne5+ Ke8 45.
Ne6 Bc1 46. d6 Bb2 47. d7# {Black checkmated} 1-0

[Event "ICCopen2017"]
[Site "Internet Chess Club"]
[Date "2017.03.25"]
[Round "5"]
[White "Nakia"]
[Black "arshavin2015"]
[Result "0-1"]
[ICCResult "White forfeits on time"]
[WhiteElo "1737"]
[BlackElo "2020"]
[Opening "Modern defense"]
[ECO "A40"]
[NIC "QO.17"]
[Time "14:50:40"]
[TimeControl "180+0"]

1. d4 g6 2. Nf3 Bg7 3. e4 c5 4. c3 cxd4 5. cxd4 d5 6. e5 Nc6 7. h3 Nh6 8. a3
O-O 9. Nc3 a6 10. Be2 b5 11. O-O f6 12. exf6 exf6 13. Re1 Nf7 14. Qd3 Bf5
15. Qd1 Be4 16. Be3 Re8 17. Qd2 Qb6 18. Rad1 Rad8 19. b4 Nd6 20. Rc1 Nc4 21.
Bxc4 dxc4 22. d5 Qb8 23. dxc6 Rxd2 24. Bxd2 Bxf3 25. gxf3 Rxe1+ 26. Rxe1 Qd6
27. Be3 Qxc6 28. Rd1 h5 29. Nd5 Kh7 30. Nf4 c3 31. Rc1 f5 32. h4 Qxf3 33.
Kf1 Qe4 34. Ke2 Bd4 35. Rd1 Bxe3 36. fxe3 Qc4+ 37. Ke1 c2 38. Rc1 Qc3+ 39.
Ke2 Qc4+ 40. Kd2 Qb3 41. Nd3 Qxa3 {White forfeits on time} 0-1

[Event "ICCopen2017"]
[Site "Internet Chess Club"]
[Date "2017.03.25"]
[Round "5"]
[White "minke"]
[Black "ramezsamir"]
[Result "0-1"]
[ICCResult "White checkmated"]
[WhiteElo "1739"]
[BlackElo "1947"]
[Opening "Sicilian: Taimanov, American attack"]
[ECO "B41"]
[NIC "SI.41"]
[Time "14:50:42"]
[TimeControl "180+0"]

1. e4 c5 2. Nf3 e6 3. d4 cxd4 4. Nxd4 Nf6 5. Nc3 Nc6 6. Ndb5 Bb4 7. Nd6+ Ke7
8. Nxc8+ Rxc8 9. Bd3 d5 10. exd5 Qxd5 11. O-O Bxc3 12. bxc3 Rhd8 13. Ba3+
Ke8 14. Qe2 Qh5 15. Qe3 Qa5 16. Bc5 Nd5 17. Bb4 Nxe3 18. Bxa5 Nxf1 19. Bxd8
Nxd8 20. Kxf1 Rxc3 21. Rb1 b6 22. Bxh7 g6 23. h4 Rc5 24. g4 Kf8 25. h5 Kg7
26. hxg6 fxg6 27. Rd1 Nf7 28. Rd7 a5 29. Re7 Rxc2 30. Bxg6 Kxg6 31. Rxe6+
Kg7 32. Rxb6 Rxa2 33. Ra6 Ne5 34. g5 Nf3 35. g6 Ne5 36. Kg2 Nxg6 37. Kg3 Kf7
38. f4 Ne7 39. Kg4 a4 40. Kg5 a3 41. f5 Rg2+ 42. Kf4 a2 43. f6 Nd5+ 44. Ke5
Rg5+ 45. Kd4 Nb4 46. Ra7+ Kxf6 47. Kc4 Rg1 48. Kxb4 a1=Q 49. Rd7 Rg4+ 50.
Kc5 Qa5+ 51. Kc6 Qa4+ 52. Kc7 Rc4+ 53. Kd8 Qa8# {White checkmated} 0-1

[Event "ICCopen2017"]
[Site "Internet Chess Club"]
[Date "2017.03.25"]
[Round "5"]
[White "toll"]
[Black "BryanL"]
[Result "1-0"]
[ICCResult "Black forfeits on time"]
[WhiteElo "1676"]
[BlackElo "1945"]
[Opening "Polish (Sokolsky) opening"]
[ECO "A00"]
[NIC "VO.10"]
[Time "14:50:41"]
[TimeControl "180+0"]

1. b4 Nf6 2. Bb2 g6 3. c4 Bg7 4. e3 O-O 5. Nf3 a5 6. b5 c6 7. a4 d5 8. Be2
Be6 9. d4 dxc4 10. Na3 Ne4 11. Nxc4 c5 12. O-O Nd7 13. d5 Bg4 14. Bxg7 Kxg7
15. h3 Nc3 16. Qc2 Nxe2+ 17. Qxe2 Bxf3 18. gxf3 Nf6 19. e4 Qd7 20. Kg2 Nh5
21. Qe3 Qc7 22. e5 Rad8 23. Rfd1 b6 24. f4 Kg8 25. d6 exd6 26. Rxd6 Rxd6 27.
Nxd6 Ng7 28. f3 Ne8 29. Rd1 Nxd6 30. Rxd6 Rd8 31. Qd3 Rxd6 32. exd6 Qd7 33.
Qd5 Kf8 34. Kf2 Qxh3 35. d7 Qh4+ 36. Ke3 Qd8 37. Qd6+ Kg7 38. Ke4 f6 39. Kd5
Kf7 40. Kc6 h5 41. Qd5+ Ke7 42. Qd6+ Kf7 43. Qc7 Ke7 44. Qd6+ Kf7 45. f5
gxf5 46. Qf4 Ke7 47. Qd6+ {Black forfeits on time} 1-0

[Event "ICCopen2017"]
[Site "Internet Chess Club"]
[Date "2017.03.25"]
[Round "5"]
[White "flinkfinger"]
[Black "Kalmyk"]
[Result "0-1"]
[ICCResult "White resigns"]
[WhiteElo "2181"]
[BlackElo "2895"]
[Opening "English: Nimzo-English opening"]
[ECO "A15"]
[NIC "EO.58"]
[Time "14:50:38"]
[TimeControl "180+0"]

1. c4 Nf6 2. Nf3 e6 3. Nc3 Bb4 4. Qc2 c5 5. a3 Ba5 6. e3 Nc6 7. d4 cxd4 8.
exd4 d5 9. b4 Bc7 10. c5 O-O 11. b5 Ne7 12. Bd3 a6 13. O-O axb5 14. Nxb5 Bb8
15. Bg5 h6 16. Bh4 Bd7 17. Bg3 Bxg3 18. hxg3 Bxb5 19. Bxb5 Qc7 20. Qe2 Rfc8
21. a4 b6 22. Rfc1 Ne4 23. cxb6 Qxb6 24. Qd3 Nd6 25. Ne5 Nef5 26. Nc6 h5 27.
f3 Rc7 28. Kh2 Rac8 29. a5 Qxb5 30. Qxb5 Nxb5 31. a6 Rxc6 32. Rxc6 Rxc6 33.
a7 Nxa7 34. Rxa7 Nxd4 35. g4 hxg4 {White resigns} 0-1

[Event "ICCopen2017"]
[Site "Internet Chess Club"]
[Date "2017.03.25"]
[Round "5"]
[White "Cantalarrana"]
[Black "oscarshe"]
[Result "0-1"]
[ICCResult "White forfeits on time"]
[WhiteElo "1500"]
[BlackElo "1372"]
[Opening "Sicilian: accelerated fianchetto, exchange variation"]
[ECO "B34"]
[NIC "SI.33"]
[Time "14:51:07"]
[TimeControl "180+0"]

1. e4 c5 2. Nf3 Nc6 3. d4 cxd4 4. Nxd4 g6 5. Nxc6 bxc6 6. Qd4 Nf6 7. e5 Nd5
8. Nc3 Nxc3 9. e6 Rg8 10. exf7+ Kxf7 11. Qxc3 Bg7 12. Qf3+ Ke8 13. Bd3 Qa5+
14. Bd2 Qe5+ 15. Be2 Ba6 16. Be3 Bxe2 17. Qxe2 Qxb2 18. O-O Qf6 19. Rab1 Kf7
20. Rb7 Qd6 21. Qc4+ e6 22. Qe2 Rgb8 23. Rxa7 Rxa7 24. Bxa7 Rb2 25. Rd1 Qc7
26. Be3 Rxa2 27. Qd2 Ke7 28. g3 Rb2 29. Bg5+ Bf6 30. Bxf6+ Kxf6 31. Qxd7 Qe5
32. Qd8+ Kf5 33. Kg2 Rxc2 34. Qd3+ Qe4+ 35. Qxe4+ Kxe4 36. Rd6 Ke5
{White forfeits on time}
0-1

[Event "ICCopen2017"]
[Site "Internet Chess Club"]
[Date "2017.03.25"]
[Round "5"]
[White "Xadrez47"]
[Black "weakfish"]
[Result "1-0"]
[ICCResult "Black checkmated"]
[WhiteElo "1491"]
[BlackElo "1291"]
[Opening "Caro-Kann: Rasa-Studier gambit"]
[ECO "B15"]
[NIC "CK.05"]
[Time "14:50:43"]
[TimeControl "180+0"]

1. d4 d5 2. e4 c6 3. Nc3 dxe4 4. f3 exf3 5. Nxf3 Bg4 6. h3 Bxf3 7. Qxf3 Qxd4
8. Be3 Qf6 9. Qg4 e6 10. O-O-O Nh6 11. Qg5 Nd7 12. Qa5 Nf5 13. Qc7 Qd8 14.
Qxd8+ Rxd8 15. Bg5 Be7 16. Ne4 Bxg5+ 17. Nxg5 Ne3 18. Rd3 Nxf1 19. Rxf1 O-O
20. Rfd1 h6 21. Nf3 Kh7 22. Rxd7 Rb8 23. Ne5 f6 24. Ng4 Kg6 25. Re7 e5 26.
Rdd7 Rg8 27. Ne3 f5 28. Rxe5 f4 29. Ng4 Rgf8 30. Re6+ Kf5 31. Re5+ Kg6 32.
Ree7 f3 33. Rxg7+ Kh5 34. gxf3 Rxf3 35. Rd6 Rxh3 36. Rxh6# {Black
checkmated} 1-0

[Event "ICCopen2017"]
[Site "Internet Chess Club"]
[Date "2017.03.25"]
[Round "5"]
[White "Massada"]
[Black "vicmel"]
[Result "1-0"]
[ICCResult "Black forfeits on time"]
[WhiteElo "1490"]
[BlackElo "1815"]
[Opening "Sicilian: Nimzovich-Rubinstein variation"]
[ECO "B29"]
[NIC "SI.43"]
[Time "14:50:37"]
[TimeControl "180+0"]

1. e4 c5 2. Nf3 Nf6 3. e5 Nd5 4. g3 Nc6 5. Bg2 g6 6. c3 Bg7 7. O-O O-O 8.
Na3 a6 9. Re1 Nc7 10. Nc2 b5 11. d4 cxd4 12. Ncxd4 Nxd4 13. Nxd4 Rb8 14. a4
Bb7 15. Bxb7 Rxb7 16. axb5 axb5 17. Qf3 Qb8 18. Bg5 Re8 19. Ra5 b4 20. c4 b3
21. Rea1 Rb4 22. Qc3 Rb7 23. Qf3 h6 24. Bf4 Ne6 25. Nxe6 dxe6 26. Ra8 Qxa8
27. Rxa8 Rxa8 28. Qxb7 Ra1+ 29. Kg2 g5 30. Be3 Bxe5 31. Qc8+ Kg7 32. f4 Bxb2
33. fxg5 hxg5 34. Qb8 Bf6 35. Qxb3 e5 36. g4 e4 37. c5 Re1 38. c6 Re2+ 39.
Kf1 Rxh2 40. c7 Rh8 41. Qc4 Rc8 42. Qc6 e6 43. Bb6 Kg6 44. Qd7 Ra8 45. c8=Q
Rxc8 46. Qxc8 {Black forfeits on time} 1-0

[Event "ICCopen2017"]
[Site "Internet Chess Club"]
[Date "2017.03.25"]
[Round "5"]
[White "Rari"]
[Black "A4-H5"]
[Result "1-0"]
[ICCResult "Black checkmated"]
[WhiteElo "1771"]
[BlackElo "1799"]
[Opening "Sicilian: Canal-Sokolsky (Nimzovich-Rossolimo, Moscow) attack"]
[ECO "B51"]
[NIC "SI.01"]
[Time "14:51:17"]
[TimeControl "180+0"]

1. e4 c5 2. Nf3 d6 3. Bb5+ Nc6 4. a4 g6 5. d3 Bg7 6. Nbd2 Nf6 7. O-O O-O 8.
Re1 e5 9. Nc4 Bg4 10. Bxc6 bxc6 11. h3 Be6 12. c3 h6 13. a5 Rb8 14. Qa4 Qc7
15. Qa3 Nh5 16. Be3 f5 17. Nxd6 Qxd6 18. Bxc5 Qxd3 19. Bxf8 Rxf8 20. exf5
Rxf5 21. Rad1 Qc4 22. Rd8+ Kh7 23. Qd6 Rxf3 24. gxf3 Bd5 25. Re3 Qh4 26.
Rxe5 Bxf3 27. Qd7 Qf4 28. Qe6 Qxe5 29. Qg8# {Black checkmated} 1-0

[Event "ICCopen2017"]
[Site "Internet Chess Club"]
[Date "2017.03.25"]
[Round "5"]
[White "ZavenGrozny"]
[Black "jefferyx"]
[Result "0-1"]
[ICCResult "White checkmated"]
[WhiteElo "3106"]
[BlackElo "2727"]
[Opening "Sicilian: Najdorf, Byrne (English) attack"]
[ECO "B90"]
[NIC "SI.14"]
[Time "14:50:44"]
[TimeControl "180+0"]

1. e4 c5 2. Nf3 d6 3. d4 Nf6 4. Nc3 cxd4 5. Nxd4 a6 6. Be3 e5 7. Nf3 Qc7 8.
a4 Be7 9. a5 Be6 10. Be2 Qc6 11. Nd2 Nbd7 12. O-O O-O 13. Bf3 Rfd8 14. Re1
Rac8 15. Nf1 Nc5 16. Nd5 Bxd5 17. exd5 Qe8 18. c4 Ncd7 19. Nd2 Rb8 20. b4
Rdc8 21. Qb3 Qd8 22. Rec1 Ne8 23. Bg4 g6 24. Bxd7 Qxd7 25. Rab1 f5 26. f3
Nf6 27. c5 Kg7 28. Nc4 Nxd5 29. Rd1 Qc6 30. Nxd6 Bxd6 31. cxd6 Nc3 32. d7
Rd8 33. b5 axb5 34. Qb4 Nd5 35. Qb2 Qe6 36. Re1 Nxe3 37. Rxe3 Rxd7 38. Qxe5+
Qxe5 39. Rxe5 Ra8 40. Rexb5 Kh6 41. Rxb7 Rxb7 42. Rxb7 Rxa5 43. Rb2 Ra3 44.
Kf2 Kg5 45. Re2 h5 46. g3 h4 47. Kg2 Rb3 48. Rf2 Kh5 49. Re2 Rc3 50. Rf2 Rd3
51. Re2 Rc3 52. Rf2 Re3 53. Rf1 Kg5 54. Rf2 f4 55. g4 Kf6 56. Rd2 Ke5 57.
Ra2 Kd4 58. Ra4+ Kd3 59. Rxf4 Re2+ 60. Kh3 Ke3 61. Rf6 g5 62. Re6+ Kf2 63.
Rg6 Re5 64. Rf6 Re2 65. f4 Kg1 66. fxg5 Rxh2# {White checkmated} 0-1

[Event "ICCopen2017"]
[Site "Internet Chess Club"]
[Date "2017.03.25"]
[Round "5"]
[White "hedgie"]
[Black "kolding"]
[Result "0-1"]
[ICCResult "White resigns"]
[WhiteElo "1871"]
[BlackElo "1655"]
[Opening "Nimzo-Indian: three knights variation"]
[ECO "E21"]
[NIC "NI.28"]
[Time "14:52:15"]
[TimeControl "180+0"]

1. d4 Nf6 2. c4 e6 3. Nf3 Bb4+ 4. Nc3 O-O 5. Qb3 Nc6 6. e3 d5 7. cxd5 exd5
8. Be2 Bg4 9. h3 Bh5 10. O-O Bxc3 11. bxc3 b6 12. Ba3 Re8 13. Bb5 Na5 14.
Qd1 Re6 15. Bb4 c6 16. Bd3 Ne4 17. g4 Bg6 18. Ne5 c5 19. Bxa5 bxa5 20. Bxe4
Bxe4 21. f3 f6 22. Nd3 Bxd3 23. Qxd3 c4 24. Qd2 Qe7 25. Kf2 Re8 26. Rfe1 Qf7
27. Rab1 f5 28. Rb5 fxg4 29. hxg4 Qc7 30. Kg2 Rh6 31. f4 Qd7 32. Kg3 Qxb5
33. Qg2 Rhe6 34. Qf3 Re4 35. g5 Qb2 36. Re2 Qxc3 37. f5 Rxe3 {White resigns}
0-1

[Event "ICCopen2017"]
[Site "Internet Chess Club"]
[Date "2017.03.25"]
[Round "5"]
[White "Khanzer17"]
[Black "zealous"]
[Result "1-0"]
[ICCResult "Black forfeits on time"]
[WhiteElo "1896"]
[BlackElo "1680"]
[Opening "Scandinavian defense"]
[ECO "B01"]
[NIC "SD.03"]
[Time "14:52:19"]
[TimeControl "180+0"]

1. e4 d5 2. exd5 Nf6 3. Bb5+ Bd7 4. Be2 Nxd5 5. d4 g6 6. Nf3 Bg7 7. O-O O-O
8. c4 Nb6 9. Nc3 Bg4 10. b3 c6 11. Be3 N8d7 12. h3 Bxf3 13. Bxf3 e5 14. Rc1
exd4 15. Bxd4 Ne5 16. Be2 Qe7 17. Be3 Rad8 18. Qc2 f5 19. Bf4 Rfe8 20. Rfd1
Qh4 21. Bg3 Qf6 22. Rxd8 Rxd8 23. Rd1 Rxd1+ 24. Qxd1 h6 25. Bf4 g5 26. Be3
f4 27. Bd4 Nf3+ 28. Bxf3 Qxd4 29. Qxd4 Bxd4 30. Ne4 Kf7 31. Nd6+ Ke6 32.
Nxb7 Nd7 33. Bxc6 Ne5 34. Bd5+ Kd7 35. Na5 Nd3 36. Kf1 Nxf2 37. Ke2 Kd6 38.
Nc6 Bb6 39. b4 g4 40. hxg4 Nxg4 41. Bf3 Ne5 42. c5+ Bxc5 43. bxc5+ Kxc5 44.
Nxe5 Kd4 45. Ng6 a5 46. Nxf4 Kc3 47. g4 Kb2 48. Bd5 {Black forfeits on time}
1-0

[Event "ICCopen2017"]
[Site "Internet Chess Club"]
[Date "2017.03.25"]
[Round "5"]
[White "Giantvin"]
[Black "Renos"]
[Result "0-1"]
[ICCResult "White forfeits on time"]
[WhiteElo "1929"]
[BlackElo "1694"]
[Opening "Bogo-Indian defense, Nimzovich variation"]
[ECO "E11"]
[NIC "QI.01"]
[Time "14:50:43"]
[TimeControl "180+0"]

1. d4 Nf6 2. c4 e6 3. Nf3 Bb4+ 4. Bd2 Qe7 5. g3 Nc6 6. Bg2 Bxd2+ 7. Qxd2 Ne4
8. Qd3 Qb4+ 9. Nc3 Qxb2 10. O-O Nxc3 11. d5 Ne7 12. d6 cxd6 13. Qxd6 Nf5 14.
Qc5 d6 15. Qc7 O-O 16. g4 Nxe2+ 17. Kh1 Nfd4 18. Qxd6 Qb6 19. Qe5 Nxf3 20.
Bxf3 Nd4 21. Bg2 Nc6 22. Qe2 e5 23. Rab1 Qc7 24. h3 Be6 25. Rb2 f6 26. Rfb1
b6 27. Qe4 Rac8 28. c5 bxc5 29. Rb7 Qd6 30. Qa4 Nd4 31. Qxa7 Rf7 32. Rxf7
Bxf7 33. Rb7 Rf8 34. Rd7 Qe6 35. Bd5 Qxd5+ 36. Rxd5 Bxd5+ 37. Kg1 Nf3+ 38.
Kf1 Ra8 39. Qxc5 Be4 40. Ke2 Nd4+ 41. Ke3 Bb7 42. Qc7 Bd5
{White forfeits on time}
0-1

[Event "ICCopen2017"]
[Site "Internet Chess Club"]
[Date "2017.03.25"]
[Round "5"]
[White "Dodgy"]
[Black "Natik"]
[Result "0-1"]
[ICCResult "White resigns"]
[WhiteElo "1980"]
[BlackElo "2446"]
[Opening "Benkö gambit"]
[ECO "A57"]
[NIC "BI.46"]
[Time "14:51:39"]
[TimeControl "180+0"]

1. d4 Nf6 2. c4 c5 3. d5 b5 4. Qc2 bxc4 5. e4 d6 6. Bxc4 g6 7. Nf3 Bg7 8. h3
O-O 9. O-O Ba6 10. Bxa6 Nxa6 11. a3 Nd7 12. Nc3 Nc7 13. Be3 Rb8 14. Rab1 Nb5
15. Ne2 Qa5 16. Qc1 Rfc8 17. Bh6 Bh8 18. Qf4 Nd4 19. Nexd4 cxd4 20. Ng5 Ne5
21. Qh4 Rc2 22. f4 Qd2 23. Qg3 Nc4 24. Qg4 Ne3 25. Qf3 Qxg2+ 26. Qxg2 Rxg2+
27. Kh1 Rc2 28. f5 Nxf1 29. Rxf1 Bf6 30. fxg6 hxg6 31. b4 d3 32. Nf3 Rbc8
33. Ne1 R2c3 34. Rf3 Rc1 35. Bxc1 Rxc1 36. Rxd3 Rxe1+ 37. Kg2 Rxe4
{White resigns}
0-1

[Event "ICCopen2017"]
[Site "Internet Chess Club"]
[Date "2017.03.25"]
[Round "5"]
[White "nikenwidiartto"]
[Black "HEM"]
[Result "1-0"]
[ICCResult "Black resigns"]
[WhiteElo "1834"]
[BlackElo "1485"]
[Opening "Sicilian: closed"]
[ECO "B23"]
[NIC "SI.44"]
[Time "14:52:27"]
[TimeControl "180+0"]

1. e4 c5 2. Nc3 a6 3. f4 b5 4. Nf3 Bb7 5. d3 e6 6. g3 Nf6 7. Bg2 d5 8. e5
Nfd7 9. O-O Nc6 10. h3 Be7 11. g4 Nd4 12. Ne2 Nxf3+ 13. Bxf3 Rc8 14. Ng3 Qb6
15. Be3 d4 16. Bf2 Bh4 17. Bxb7 Qxb7 18. Ne4 Bxf2+ 19. Kxf2 O-O 20. Nd6 Qc7
21. Nxc8 Nxe5 22. fxe5 Qxe5 23. Ne7+ Kh8 24. Qf3 f5 25. Kg2 Rf6 26. Rae1 Qb8
27. Nc6 Qa8 28. Ne5 fxg4 29. Qxa8+ {Black resigns} 1-0

[Event "ICCopen2017"]
[Site "Internet Chess Club"]
[Date "2017.03.25"]
[Round "5"]
[White "Siryk"]
[Black "BUHO64"]
[Result "1-0"]
[ICCResult "Black resigns"]
[WhiteElo "2988"]
[BlackElo "1969"]
[Opening "QGD Slav: 4.e3"]
[ECO "D11"]
[NIC "SL.01"]
[Time "14:50:58"]
[TimeControl "180+0"]

1. d4 d5 2. c4 c6 3. Nf3 Nf6 4. e3 e6 5. b3 Nbd7 6. Bb2 Bd6 7. Bd3 O-O 8.
O-O Qe7 9. Nbd2 e5 10. dxe5 Nxe5 11. Nxe5 Bxe5 12. Bxe5 Qxe5 13. Nf3 Qh5 14.
cxd5 Nxd5 15. h3 Rd8 16. Nd4 Qg5 17. Qf3 Bd7 18. Rac1 Re8 19. Rfe1 Rad8 20.
a3 Bc8 21. Bf5 Bxf5 22. Qxf5 Qxf5 23. Nxf5 g6 24. Nd4 f5 25. g3 Kf7 26. Kg2
Nf6 27. b4 Re7 28. b5 cxb5 29. Nxb5 Red7 30. Nxa7 Ne4 31. Re2 Rd2 32. Rc2
Rxe2 33. Rxe2 Rd5 34. Rb2 Kf6 35. Nb5 h5 36. Nd4 Ra5 37. Rb6+ Ke5 38. Rxg6
Rxa3 39. Rb6 Ra2 40. Rb5+ Kf6 41. Rxf5+ Kg6 42. g4 h4 43. Rf4 Nd2 44. Nf5
Rb2 45. Nxh4+ Kg7 46. Nf5+ Kg8 47. h4 b5 48. h5 b4 49. g5 b3 50. g6 Rc2 51.
h6 Rc7 52. h7+ Rxh7 53. gxh7+ Kxh7 54. Rb4 {Black resigns} 1-0

[Event "ICCopen2017"]
[Site "Internet Chess Club"]
[Date "2017.03.25"]
[Round "5"]
[White "KoolMan"]
[Black "neverend"]
[Result "0-1"]
[ICCResult "White forfeits on time"]
[WhiteElo "2049"]
[BlackElo "2578"]
[Opening "French: exchange variation"]
[ECO "C01"]
[NIC "FR.01"]
[Time "14:50:48"]
[TimeControl "180+0"]

1. e4 e6 2. d4 d5 3. exd5 exd5 4. Nf3 Nc6 5. c4 Nf6 6. Nc3 Bb4 7. Bd3 O-O 8.
O-O dxc4 9. Bxc4 Bg4 10. Be3 Qd6 11. h3 Bh5 12. g4 Bg6 13. a3 Ba5 14. Nb5
Qd8 15. Ne5 Bb6 16. Nxg6 hxg6 17. d5 Ne5 18. Bxb6 axb6 19. Bb3 Qd7 20. Nc3
g5 21. f4 gxf4 22. Rxf4 Qd6 23. Qd4 Rae8 24. Raf1 c5 25. dxc6 Qxd4+ 26. Rxd4
bxc6 27. g5 Nh5 28. Kg2 Re7 29. Rfd1 g6 30. Ne4 Kg7 31. Nd6 Rh8 32. Re1 c5
33. Rde4 Rd7 34. Rxe5 Rxd6 35. Re7 Nf4+ 36. Kf3 Nd5 37. Bxd5 Rxd5 38. Kg2
Rxg5+ 39. Kh2 Rgh5 40. R1e3 Rf5 41. Rb7 Rf6 42. Ree7 Rh5 43. Kg3 Rg5+ 44.
Kh2 Rf2+ 45. Kh1 Rg3 46. h4 Rgf3 47. Kg1 Rxb2 48. Red7 Kh6 49. h5 Rc3
{White forfeits on time}
0-1

[Event "ICCopen2017"]
[Site "Internet Chess Club"]
[Date "2017.03.25"]
[Round "5"]
[White "Lavrik87"]
[Black "PazificDreams"]
[Result "1-0"]
[ICCResult "Black forfeits on time"]
[WhiteElo "2072"]
[BlackElo "2646"]
[Opening "Benko's opening"]
[ECO "A00"]
[NIC "VO.09"]
[Time "14:51:48"]
[TimeControl "180+0"]

1. g3 Nf6 2. Bg2 d5 3. Nf3 g6 4. O-O Bg7 5. d3 O-O 6. Nbd2 d4 7. Nb3 Nc6 8.
c3 dxc3 9. bxc3 Nd5 10. c4 Nb6 11. Rb1 Na4 12. Bd2 Nc3 13. Bxc3 Bxc3 14.
Nfd2 Bb4 15. Qc2 a5 16. e3 Bf5 17. Ne4 Ne5 18. Nd4 Bg4 19. c5 b6 20. f4 Nxd3
21. Qxd3 bxc5 22. Nf2 Bf5 23. Nxf5 gxf5 24. Bxa8 Qxa8 25. Qxf5 Rd8 26. Rfd1
Rd6 27. Ne4 Rg6 28. Ng5 Qe8 29. Rd8 {Black forfeits on time} 1-0

[Event "ICCopen2017"]
[Site "Internet Chess Club"]
[Date "2017.03.25"]
[Round "5"]
[White "cap78red2point1"]
[Black "Soulbrother"]
[Result "1-0"]
[ICCResult "Black checkmated"]
[WhiteElo "1589"]
[BlackElo "1411"]
[Opening "Lengfellner system"]
[ECO "B07"]
[NIC "VO.17"]
[Time "14:50:36"]
[TimeControl "180+0"]

1. e4 d6 2. d4 e6 3. Nc3 Be7 4. f4 Nf6 5. Nf3 Nbd7 6. Bd3 a6 7. e5 Nd5 8.
Ne4 c5 9. exd6 Bf6 10. dxc5 O-O 11. O-O Nb4 12. Neg5 Nxd3 13. Qxd3 g6 14.
Be3 e5 15. fxe5 Nxe5 16. Nxe5 Bxe5 17. Qd5 Bg7 18. Rxf7 Kh8 19. Rxf8+ Qxf8
20. Rf1 Bf5 21. Nf7+ Kg8 22. Nh6+ Kh8 23. Bd4 Bxd4+ 24. Qxd4+ Qg7 25. Nf7+
Kg8 26. Qxg7+ Kxg7 27. Ne5 Rd8 28. Rd1 Bxc2 29. Rd2 Ba4 30. b3 Bc6 31. Nxc6
bxc6 32. a4 Kf6 33. b4 Ke6 34. Kf2 h6 35. Kg3 g5 36. h4 gxh4+ 37. Kxh4 Rg8
38. g4 Kd7 39. Kh5 Rg5+ 40. Kxh6 Rxg4 41. Rb2 Ke6 42. b5 Kf6 43. Kh5 Rxa4
44. b6 Rc4 45. b7 Rxc5+ 46. Kg4 Rc4+ 47. Kf3 Kf5 48. b8=Q Rc3+ 49. Ke2 Ke4
50. Qe8+ Kd5 51. Rd2+ Kc5 52. d7 Rc4 53. Qe7+ Kb6 54. d8=Q+ Kb5 55. Rb2+ Ka4
56. Qd1+ Ka5 57. Qa3+ Ra4 58. Qdxa4# {Black checkmated} 1-0

[Event "ICCopen2017"]
[Site "Internet Chess Club"]
[Date "2017.03.25"]
[Round "5"]
[White "onti"]
[Black "NUANCE"]
[Result "0-1"]
[ICCResult "White forfeits on time"]
[WhiteElo "1285"]
[BlackElo "978"]
[Opening "French: Labourdonnais variation"]
[ECO "C00"]
[NIC "FR.01"]
[Time "14:51:19"]
[TimeControl "180+0"]

1. e4 e6 2. f4 d6 3. Nc3 Nf6 4. e5 dxe5 5. fxe5 Nfd7 6. Nf3 Bc5 7. d4 Bb6 8.
Bb5 c6 9. Bd3 c5 10. d5 c4 11. Be4 Nc5 12. dxe6 Bxe6 13. Bxb7 Nxb7 14. Qxd8+
Nxd8 15. Ne4 O-O 16. Bf4 Nbc6 17. O-O-O f5 18. Nd6 Nf7 19. Nxf7 Bxf7 20. Ng5
Nb4 21. a3 Nd5 22. Bd2 Be3 23. e6 Bxd2+ 24. Rxd2 Bg6 25. Rxd5 f4 26. Re1
Rae8 27. e7 Rf5 28. Rd8 h6 29. Ne6 Kf7 30. Rxe8 Kxe8 31. Nxg7+ Kf7 32. e8=Q+
Kxg7 33. Qe7+ Bf7 34. Qxa7 Rf6 35. Qd4 Kg6 36. Rf1 Be6 37. Rxf4 Bf5 38. Rxf5
Rxf5 39. Qg4+ Kf6 40. Qh4+ Rg5 41. Qd4+ Kf5 {White forfeits on time} 0-1

[Event "ICCopen2017"]
[Site "Internet Chess Club"]
[Date "2017.03.25"]
[Round "5"]
[White "Sam08"]
[Black "Bojack"]
[Result "0-1"]
[ICCResult "White resigns"]
[WhiteElo "2412"]
[BlackElo "1951"]
[Opening "French: Steinitz, Boleslavsky variation"]
[ECO "C11"]
[NIC "FR.04"]
[Time "14:51:30"]
[TimeControl "180+0"]

1. e4 e6 2. d4 d5 3. Nc3 Nf6 4. e5 Nfd7 5. f4 c5 6. Nf3 Nc6 7. Be3 Be7 8.
Qd2 O-O 9. dxc5 Bxc5 10. O-O-O Rb8 11. Nd4 Nxd4 12. Bxd4 b5 13. Bxb5 Qb6 14.
b3 a6 15. Bxd7 Bxd7 16. Kb1 Rfc8 17. Ne2 a5 18. Bxc5 Rxc5 19. Nd4 a4 20. g4
Ra8 21. f5 axb3 22. cxb3 Rca5 23. Rhe1 Bb5 24. Re3 Qa7 25. Nxb5 Rxb5 26. Rc3
d4 27. Rc2 h6 28. f6 Rxe5 29. fxg7 Kxg7 30. Qxd4 Qxd4 31. Rxd4 h5 32. gxh5
Rxh5 33. Kb2 Kf6 34. Rf2+ Ke5 35. Rdd2 f5 36. a4 Rh3 37. Rfe2+ Kf6 38. Rd6
Re8 39. a5 f4 40. a6 f3 41. Rf2 Ke5 42. Rd3 Ke4 43. Rc3 e5 44. b4 Rb8 45.
Kb3 Kf4 46. Ka4 e4 47. b5 e3 48. Rf1 e2 49. Rb1 Rh4 50. Rc4+ Kg5 51. Rg1+
Kh5 52. Kb4 Rxc4+ 53. Kxc4 f2 {White resigns} 0-1